 Dungeon Crawl Stone Soup version 0.17-a0-1718-g72dbe4d (webtiles) character file.

168 kae the Slasher (level 5, 0/45 HPs)
             Began as a Minotaur Fighter on Aug 26, 2015.
             Slain by cmdexe's ghost (8 damage)
             ... on level 4 of the Dungeon.
             The game lasted 00:01:33 (2653 turns).

kae the Slasher (Minotaur Fighter)                  Turns: 2653, Time: 00:01:33

Health: 0/45       AC:  8    Str: 21    XL:     5   Next: 23%
Magic:  4/4        EV:  7    Int:  6    God:
Gold:   227        SH:  9    Dex:  9    Spells: 0 memorised, 4 levels left

rFire  . . .     SeeInvis .     a - +0 long sword
rCold  . . .     Clarity  .     b - +0 scale mail
rNeg   . . .     SustAt   .     c - +0 shield
rPois  .         Gourm    .     (helmet restricted)
rElec  .         Spirit   .     m - +0 cloak
rCorr  .         Warding  .     (no gloves)
rMut   .         Stasis   .     (no boots)
MR     .....                    (no amulet)
Stlth  ..........               (no ring)
                                (no ring)

@: not resistant to hostile enchantments, extremely unstealthy
A: retaliatory headbutt, horns 2
a: no special abilities


You were on level 4 of the Dungeon.
You were not hungry.

You visited 1 branch of the dungeon, and saw 4 of its levels.

You collected 227 gold pieces.

Inventory:

Hand weapons
 a - a +0 long sword (weapon)
Armour
 b - a +0 scale mail (worn)
 c - a +0 shield (worn)
 m - a +0 cloak (worn)
Jewellery
 l - an uncursed ring of protection from cold {unknown}
 o - an uncursed amulet of faith {unknown}
Scrolls
 f - a scroll of remove curse
 g - 3 scrolls of identify {unknown}
 h - a scroll of noise {unknown}
 j - a scroll of random uselessness {unknown}
 k - 3 scrolls of teleportation {unknown}
 p - 2 scrolls of fog {unknown}
Potions
 d - 2 potions of might
 i - 2 potions of cancellation {unknown}
 q - 2 potions of brilliance {unknown}
 r - a potion of flight {unknown}
 s - a potion of curing {unknown}
 u - a potion of ambrosia {unknown}
Comestibles
 e - a bread ration
 n - 3 meat rations
 t - 4 fruits


   Skills:
 - Level 3.6 Fighting
 + Level 6.6 Long Blades
 - Level 3.6 Armour
 - Level 3.6 Shields


You had 4 spell levels left.
You didn't know any spells.

Dungeon Overview and Level Annotations

Branches:
Dungeon (4/15)
 Temple: D:4-7

Altars:
Ashenzari

Annotations:
D:4 cmdexe's ghost, average DsFi


Innate Abilities, Weirdness & Mutations

You reflexively headbutt those who attack you in melee.
You have a pair of horns on your head.


Message History

You block cmdexe's ghost's attack.
Unknown command.
You closely miss the adder.
The adder is almost dead.
You block the adder's attack. Cmdexe's ghost hits you.
You slash the adder!
You kill the adder!
Cmdexe's ghost hits you!
* * * LOW HITPOINT WARNING * * *
Unknown command.
There is an open door here.
Read which item? (? for menu, Esc to quit)
Okay, then.
Drink which item? (? for menu, Esc to quit)
Okay, then.
Read which item? (? for menu, Esc to quit)
As you read the scroll labeled ANEAXO AGGAMI, it crumbles to dust.
You feel blessed for a moment.
It was a scroll of remove curse.
Cmdexe's ghost hits you!
You die...

#..#.# #######.#.#
#....##...#######. #
#....##........... #.
#....##...#######.
##'########....##..>#
#.........#....##.#.#
#...[.....#....##.#.#
#.....†...'..W@.#.#.#
#.........#####.#.#.#
#.......(.# #.#.#.#
############ #.#.#.#
#.....# #.#.#.#
#.....####.#.#
#.....'....#.#
#.....######.#
#............#


You could see cmdexe's ghost.

Vanquished Creatures
  An orc wizard (D:3)
  A giant frog skeleton (D:4)
  3 adders
  2 oozes
  7 orcs (D:3)
  A ball python (D:2)
  6 bats
  A giant cockroach (D:2)
  8 goblins
  9 hobgoblins
  2 giant geckos
  3 giant newts
  4 jackals (D:1)
  9 kobolds
  A quokka skeleton (D:4)
  7 rats
65 creatures vanquished.

Notes
Turn   | Place    | Note
--------------------------------------------------------------
     0 | D:1      | kae the Minotaur Fighter began the quest for the Orb.
     0 | D:1      | Reached XP level 1. HP: 19/19 MP: 0/0
    99 | D:1      | Reached XP level 2. HP: 23/26 MP: 1/1
   243 | D:1      | Reached skill level 4 in Long Blades
   326 | D:1      | Reached XP level 3. HP: 27/31 MP: 2/2
  1237 | D:3      | Found a shattered altar of Ashenzari.
  1257 | D:3      | Reached skill level 5 in Long Blades
  1526 | D:3      | Reached XP level 4. HP: 31/39 MP: 3/3
  1782 | D:3      | Reached skill level 6 in Long Blades
  2577 | D:4      | Reached XP level 5. HP: 42/45 MP: 4/4
  2626 | D:4      | Noticed cmdexe's ghost (average DsFi)
  2653 | D:4      | Slain by cmdexe's ghost

Vault maps used:
D:1:      dpeg_arrival_court
D:3:      lemuel_crystal_altar, grunt_ministairs_15
D:4:      first_bread, makhleb_heckhound_becter, uniq_natasha

Action                   |  1- 3 |  4- 6 || total
-------------------------+-------+-------++-------
Melee: Long sword        |   116 |    58 ||   174
  Use: Scroll            |       |     1 ||     1
  Eat: Chunk             |     2 |     1 ||     3
       Bread ration      |       |     1 ||     1
